 Dungeon Crawl Stone Soup version 0.22-a0-448-g1fb7470 (webtiles) character file.

706 iamserjio the Poker (level 7, -1/91 HPs)
             Began as a Centaur Fighter on June 4, 2018.
             Was a Follower of Yredelemnul.
             Slain by Ijyb (3 damage)
             ... on level 5 of the Dungeon.
             The game lasted 00:16:25 (6326 turns).

iamserjio the Poker (Centaur Fighter)               Turns: 6326, Time: 00:16:25

Health: -1/91      AC: 11    Str: 19    XL:     7   Next: 39%
Magic:  9/9        EV:  1    Int:  7    God:    Yredelemnul [*.....]
Gold:   173        SH:  9    Dex: 10    Spells: 6/6 levels left

rFire    . . .     SeeInvis .   a - +0 trident
rCold    + . .     Gourm    .   c - +0 shield
rNeg     + + +     Faith    .   (armour currently unavailable)
rPois    +         Spirit   .   (helmet currently unavailable)
rElec    .         Reflect  .   (cloak currently unavailable)
rCorr    .         Harm     .   (gloves currently unavailable)
MR       .....     NoTele   +   (no barding)
Stlth    +.........             (no amulet)
HPRegen  0.25/turn              z - ring of protection from cold
MPRegen  0.11/turn              q - ring of wizardry

@: tree-form, corroded
A: large
a: Animate Remains, Renounce Religion


You were on level 5 of the Dungeon.
You worshipped Yredelemnul.
Yredelemnul was aware of your devotion.
You were very hungry.
You were a tree.
You visited 2 branches of the dungeon, and saw 6 of its levels.

You collected 173 gold pieces.

Inventory:

Hand Weapons
 a - a +0 trident (weapon)
 r - a +2 quarterstaff of chaos
 v - a +0 blowgun
Missiles
 w - 18 poisoned needles
 D - 111 stones (quivered)
Armour
 b - a +0 scale mail (melded)
 c - a +0 shield (worn)
 l - a +0 buckler
 s - a +0 cloak (melded)
 B - the +2 helmet of Susidoech (melded) {Str+7 Int-5 Stlth+}
   (You took it off Robin on level 4 of the Dungeon)

   It affects your strength (+7).
   It affects your intelligence (-5).
   It makes you more stealthy.
Jewellery
 p - an uncursed ring of magical power
 q - a ring of wizardry (right branch)
 z - a ring of protection from cold (left branch)
Scrolls
 e - 2 scrolls of amnesia
 g - a scroll of immolation
 n - a scroll of teleportation
 u - a scroll of remove curse
 x - a scroll of fog
 y - a scroll of noise {unknown}
Potions
 d - a potion of might
 i - a potion of berserk rage {unknown}
 j - 2 potions of lignification
 k - a potion of magic {unknown}
 o - a potion of haste {unknown}
 t - a potion of degeneration {unknown}
 A - a potion of curing {unknown}
 C - a potion of mutation {unknown}
Comestibles
 f - 5 rations


   Skills:
 - Level 5.0 Fighting
 * Level 5.5 Polearms
 - Level 2.1 Armour
 - Level 3.0 Shields
 + Level 3.1 Invocations


You had 6 spell levels left.
You didn't know any spells.
Your spell library was empty.

Dungeon Overview and Level Annotations

Branches:
Dungeon (5/15)             Temple (1/1) D:4

Altars:
Ashenzari
Cheibriados
Dithmenos
Elyvilon
Fedhas
Kikubaaqudgha
Makhleb
Qazlal
Ru
Sif Muna
Uskayaw
Xom
Yredelemnul
Zin
The Shining One

Annotations:
D:4 Grinder
D:5 Ijyb


Innate Abilities, Weirdness & Mutations

((You have hooves in place of feet.))
((Armour fits poorly on your strangely shaped body.))
((You cover ground very quickly.))
((You have extremely tough skin. (AC +3)))


Message History

You block Ijyb's attack.
You hit Ijyb but do no damage.
Ijyb is lightly wounded.
Ijyb hits you but does no damage.
You miss Ijyb.
Ijyb is lightly wounded.
Ijyb hits you but does no damage.
Okay, then.
You hit Ijyb but do no damage.
Ijyb is lightly wounded.
Ijyb hits you.
* * * LOW HITPOINT WARNING * * *
You hit Ijyb but do no damage.
Ijyb is lightly wounded.
Ijyb hits you but does no damage. You block Ijyb's attack.
You hit Ijyb but do no damage.
Ijyb is lightly wounded.
Ijyb hits you.
You die...
Your body rises from the dead as a mindless zombie.

... ..# #.#...
.....#### #.####
#.#..# #< # ##.#...
......### #.....#
#.....#############
#.g................
#.♣...############.
##.###.....# #.
...........# #.
...###..##.# #. #
....#...# #.
##.......# #.
#..##...# #. #..
### #. ... #.


You could see Ijyb.

Vanquished Creatures
  An orc warrior (D:4)
  A phantom (D:4)
  A sky beast (D:5)
  A crimson imp (D:5)
  A hound (D:4)
  3 orc wizards (D:4)
  Crazy Yiuf (D:2)
  An iguana (D:4)
  A worker ant (D:4)
  A hound skeleton (D:4)
  Robin (D:4)
  A gnoll (D:2)
  6 adders
  3 worms
  2 dart slugs
  4 leopard geckos
  5 orcs
  4 giant cockroaches
  21 goblins
  8 hobgoblins
  8 jackals
  6 kobolds
  2 quokkas (D:2)
  2 ball pythons (D:3)
  3 bats
  6 frilled lizards
  A leopard gecko zombie (D:5)
  6 rats
101 creatures vanquished.

Vanquished Creatures (others)
  An orc (D:5)
1 creature vanquished.

Grand Total: 102 creatures vanquished

Notes
Turn   | Place    | Note
-------+----------+-------------------------------------------
     0 | D:1      | iamserjio the Centaur Fighter began the quest for the Orb.
     0 | D:1      | Reached XP level 1. HP: 19/19 MP: 1/1
   209 | D:1      | Reached XP level 2. HP: 19/26 MP: 2/2
   809 | D:2      | Found a glowing silver altar of Zin.
   910 | D:2      | Reached XP level 3. HP: 22/31 MP: 3/3
  1344 | D:2      | Found a runed door.
  1942 | D:2      | Noticed Crazy Yiuf
  1966 | D:2      | Killed Crazy Yiuf
  1966 | D:2      | Reached XP level 4. HP: 12/40 MP: 2/4
  2800 | D:3      | Reached XP level 5. HP: 46/46 MP: 5/5
  3425 | D:4      | HP: 2/46 [poisoned by a worker ant]
  3753 | D:4      | Found a staircase to the Ecumenical Temple.
  3762 | Temple   | Entered the Ecumenical Temple
  3874 | Temple   | Became a worshipper of Yredelemnul the Dark
  4068 | D:4      | Noticed an orc warrior
  4088 | D:4      | Noticed a phantom
  4129 | D:4      | Noticed Grinder
  4449 | D:5      | Entered Level 5 of the Dungeon
  4565 | D:5      | Reached skill level 1 in Invocations
  4596 | D:5      | Noticed a sky beast
  4649 | D:5      | Killed a sky beast
  4649 | D:5      | Reached XP level 6. HP: 36/53 MP: 5/7
  4786 | D:5      | Noticed Ijyb
  4819 | D:4      | HP: 2/53 [hound (5)]
  5373 | D:4      | Noticed Robin
  5473 | D:4      | Killed Robin
  5473 | D:4      | Reached * piety under Yredelemnul
  5477 | D:4      | Got a shimmering helmet
  5483 | D:4      | Identified the +2 helmet of Susidoech {Str+7 Int-5 Stlth+} (You took it off Robin on level 4 of the Dungeon)
  5640 | D:4      | Killed an orc warrior
  5640 | D:4      | Reached skill level 5 in Polearms
  5640 | D:4      | Reached XP level 7. HP: 33/60 MP: 8/8
  6152 | D:4      | Reached skill level 5 in Fighting
  6169 | D:4      | Found a deep blue altar of Sif Muna.
  6172 | D:4      | Found an ancient bone altar of Kikubaaqudgha.
  6175 | D:4      | Found a sacrificial altar of Ru.
  6319 | D:5      | HP: 2/91 [acid (9)]
  6324 | D:5      | HP: 2/91 [Ijyb (2)]
  6326 | D:5      | Slain by Ijyb

Vault maps used:
D:1:      lemuel_arrival_lava_pool, minmay_cupped
D:2:      nicolae_overflow_crystal_walls, minmay_close_crescents,
          uniq_crazy_yiuf_cottage
D:3:      minmay_door_path
D:4:      kennysheep_goblin_castle, minmay_overflow_temple_star_quad,
          minmay_temple_entry_poolview, first_ration, uniq_grinder
D:5:      nicolae_gozag_seed_capital, lemuel_coloured_pillars_altar,
          hangedman_feature_mirror, uniq_ijyb, uniq_pikel, uniq_sigmund
Temple:   minmay_temple_curvy_loop

Skill      XL: |  1  2  3  4  5  6  7 |
---------------+----------------------+-----
Polearms       | 2 3 4 5 |  5.5
Fighting       | 4 5 |  5.0
Shields        | 3 |  3.0
Invocations    | 1 2 3 |  3.1
Armour         | |  2.1

Action                   |  1- 3 |  4- 6 |  7- 9 || total
-------------------------+-------+-------+-------++-------
Melee: Trident           |   155 |   244 |    42 ||   441
       Kick              |    17 |    43 |     9 ||    69
  Use: Scroll            |       |     2 |     4 ||     6
       Potion            |       |     2 |     2 ||     4
  Eat: Chunk             |     2 |     7 |     1 ||    10
       Ration            |       |     1 |       ||     1
Armor: Scale mail        |    58 |   101 |    10 ||   169
       Skin              |       |       |     6 ||     6
Dodge: Dodged            |    35 |    39 |     2 ||    76
Block: Shield            |    33 |   103 |    13 ||   149
       Buckler           |    11 |       |       ||    11

Table legend:
 A = Spawn XP
 B = Non-spawn XP
 C = Spawn XP percentage of total XP
 D = Spawn monster count
 E = Non-spawn monster count
 F = Spawn count percentage of total count
 G = Total turns spent on level
                    A         B        C        D         E        F      G
               +---------+---------+-------+---------+---------+-------+---------
         Total |       0 |    1009 |   0.0 |       0 |     101 |   0.0 |  6326
               +---------+---------+-------+---------+---------+-------+---------
           D:1 |       0 |      27 |   0.0 |       0 |      15 |   0.0 |  1354
           D:2 |       0 |     110 |   0.0 |       0 |      17 |   0.0 |   972
           D:3 |       0 |      75 |   0.0 |       0 |      22 |   0.0 |  1274
           D:4 |       0 |     610 |   0.0 |       0 |      41 |   0.0 |  2191
           D:5 |       0 |     187 |   0.0 |       0 |       6 |   0.0 |   405
               +---------+---------+-------+---------+---------+-------+---------
